 Dungeon Crawl Stone Soup version 0.27-a0-604-g29a88b33a7 (webtiles) character file.

Game seed: 566574372874513384

351 spiderkeys the Grave Robber (level 6, 0/44 HPs)
             Began as a Gnoll Necromancer on Mar 12, 2021.
             Slain by BlueFish's ghost (2 damage)
             ... on level 4 of the Dungeon.
             The game lasted 00:09:08 (5078 turns).

spiderkeys the Grave Robber (Gnoll Necromancer)     Turns: 5078, Time: 00:09:09

Health: 0/44       AC:  3    Str: 11    XL:     6   Next: 61%
Magic:  14/14      EV: 14    Int: 22    God:
Gold:   64         SH:  0    Dex: 16    Spells: 10/15 levels left

rFire    + . .     SeeInvis .   r - +0 quarterstaff
rCold    x . .     Faith    .   (shield currently unavailable)
rNeg     . . .     Spirit   .   a - +0 robe
rPois    .         Reflect  .   (no helmet)
rElec    .         Harm     .   b - +0 cloak
rCorr    .         Rampage  .   (no gloves)
Will     .....                  (no boots)
Stlth    ++........             (no amulet)
HPRegen  0.14/turn              e - +6 ring of intelligence
MPRegen  0.14/turn              w - ring "Reophe" {Fire Str+3 Dex+4 Slay+2}

@: very slow
A: fangs 1, strong nose, distributed training
a: no special abilities


You were on level 4 of the Dungeon.
You visited 1 branch of the dungeon, and saw 4 of its levels.

You collected 191 gold pieces.
You spent 127 gold pieces at shops.

Inventory:

Hand Weapons
 r - a +0 quarterstaff (weapon)
Missiles
 o - 11 poisoned darts
 q - 6 datura-tipped darts
Armour
 a - a +0 robe (worn)
 b - a +0 cloak (worn)
Jewellery
 e - a +6 ring of intelligence (right hand)
 f - a ring of resist corrosion
 w - the ring "Reophe" (left hand) {Fire Str+3 Dex+4 Slay+2}
   (You found it on level 4 of the Dungeon)

   [ring of fire]

   It enhances your fire magic.
   It affects your strength (+3).
   It affects your dexterity (+4).
   It affects your accuracy and damage with ranged weapons and melee attacks
   (+2).
   It protects you from fire.
   It makes you vulnerable to cold.
Wands
 c - a wand of flame (18)
Scrolls
 j - a scroll of random uselessness
 k - 2 scrolls of amnesia
 n - a scroll of magic mapping
 t - a scroll of immolation {unknown}
 u - a scroll of noise {unknown}
 v - a scroll of fear {unknown}
Potions
 d - 3 potions of degeneration
 h - 3 potions of curing
 i - 3 potions of attraction
 l - a potion of brilliance
 m - a potion of ambrosia
 s - a potion of might


   Skills:
 + Level 2.0 Fighting
 + Level 2.0 Short Blades
 + Level 2.0 Long Blades
 + Level 2.0 Axes
 + Level 2.0 Maces & Flails
 + Level 2.0 Polearms
 + Level 2.0 Staves
 + Level 2.0 Slings
 + Level 2.0 Bows
 + Level 2.0 Crossbows
 + Level 2.0 Throwing
 + Level 2.0 Armour
 + Level 5.0 Dodging
 + Level 4.6 Stealth
 + Level 2.0 Shields
 + Level 2.0 Unarmed Combat
 + Level 5.4 Spellcasting
 + Level 1.6 Conjurations
 + Level 1.6 Hexes
 + Level 1.6 Summonings
 + Level 7.3 Necromancy
 + Level 1.6 Translocations
 + Level 1.6 Transmutations
 + Level 1.6 Fire Magic
 + Level 1.6 Ice Magic
 + Level 1.6 Air Magic
 + Level 1.6 Earth Magic
 + Level 1.6 Poison Magic
 + Level 2.2 Invocations
 + Level 2.0 Evocations


You had 10 spell levels left.
You knew the following spells:

 Your Spells              Type           Power      Damage    Failure   Level
a - Pain                  Necr           100%       1d9       1%          1
b - Animate Skeleton      Necr           76%        N/A       1%          1
c - Vampiric Draining     Necr           19%        2d8       1%          3

Your spell library contained the following spells:

 Spells                   Type           Power      Damage    Failure   Level
 Animate Dead             Necr           19%        N/A       4%          4
 Agony                    Necr           38%        N/A       13%         5


Dungeon Overview and Level Annotations

Branches:
Dungeon (4/15)
 Temple: D:4-7

Altars:
Elyvilon
Nemelex Xobeh
The Shining One

Shops:
D:4 :!*

Annotations:
D:4 1 runed translucent door, BlueFish's ghost, amateur FoAK


Innate Abilities, Weirdness & Mutations

You have very sharp teeth.
Your uncanny sense of smell can sniff out nearby items.
Your experience applies equally to all skills.


Message History

You hit BlueFish's ghost.
BlueFish's ghost is lightly damaged.
BlueFish's ghost misses you.
BlueFish's ghost keens inconsolably.
BlueFish's ghost hits you!
You hit BlueFish's ghost.
BlueFish's ghost is lightly damaged.
BlueFish's ghost hits you.
You closely miss BlueFish's ghost.
BlueFish's ghost is lightly damaged.
BlueFish's ghost closely misses you.
You closely miss BlueFish's ghost.
BlueFish's ghost is lightly damaged.
BlueFish's ghost hits you.
You closely miss BlueFish's ghost.
BlueFish's ghost is lightly damaged.
BlueFish's ghost closely misses you.
You thump BlueFish's ghost!
BlueFish's ghost is moderately damaged.
BlueFish's ghost closely misses you. x2
You hit BlueFish's ghost.
BlueFish's ghost is heavily damaged.
BlueFish's ghost hits you!
* * * LOW HITPOINT WARNING * * *
You sock BlueFish's ghost!
BlueFish's ghost is heavily damaged.
BlueFish's ghost closely misses you.
You closely miss BlueFish's ghost.
BlueFish's ghost is heavily damaged.
BlueFish's ghost hits you but does no damage.
As you read the scroll labelled NETHYI APSU, it crumbles to dust.
Wisps of shadow whirl around you...
It was a scroll of summoning.
BlueFish's ghost hits you!
* * * LOW HITPOINT WARNING * * *
You enter the shallow water.
Moving in this stuff is going to be slow.
Your hound bites BlueFish's ghost.
Your adder bites BlueFish's ghost but does no damage.
BlueFish's ghost hits you.
You die...

.........#* ##.........# #.# ##..
.#.#####..#####........###.# #...
.#.### **...............##.# #...
.#...#########........#....# #...
.###.......######.###.###..# ##..
.#########.............#########.
...# #.############..>.......
...# #..#≈≈≈≈≈≈≈≈≈#.....##...
...# #..+≈≈≈@WS≈≈≈÷.....##...
...# ##.#≈≈≈≈≈h≈≈≈#.....##...
...# #############.....##### ...#
*.........# ...# *.........# ...#
*########## ####


You could see BlueFish's ghost (ally target), a friendly hound (summoned) and a
friendly adder (summoned).

Vanquished Creatures
  A bullfrog (D:4)
  A hound (D:4)
  4 worker ants (D:4)
  A hound skeleton (D:4)
  7 adders
  2 river rats (D:4)
  An ooze (D:2)
  2 worms (D:2)
  5 leopard geckos
  An orc (D:2)
  2 ball pythons (D:1)
  3 giant cockroaches (D:1)
  A goblin (D:2)
  7 hobgoblins
  4 jackals (D:1)
  A quokka (D:4)
  10 bats
  3 frilled lizards
  9 kobolds
  A quokka skeleton (D:4)
  3 rats
69 creatures vanquished.

Notes
Turn   | Place    | Note
-------+----------+-------------------------------------------
     0 | D:1      | spiderkeys the Gnoll Necromancer began the quest for the
                  | Orb.
     0 | D:1      | Reached XP level 1. HP: 13/13 MP: 6/6
   264 | D:1      | Reached XP level 2. HP: 11/19 MP: 1/7
   629 | D:1      | Learned a level 1 spell: Animate Skeleton
  1253 | D:1      | Reached XP level 3. HP: 20/25 MP: 3/9
  1372 | D:2      | Reached skill level 5 in Spellcasting
  1483 | D:2      | Reached skill level 1 in Invocations
  1679 | D:2      | Reached skill level 1 in Fighting
  1679 | D:2      | Reached skill level 1 in Short Blades
  1679 | D:2      | Reached skill level 1 in Long Blades
  1679 | D:2      | Reached skill level 1 in Axes
  1679 | D:2      | Reached skill level 1 in Maces & Flails
  1679 | D:2      | Reached skill level 1 in Polearms
  1679 | D:2      | Reached skill level 1 in Staves
  1679 | D:2      | Reached skill level 1 in Slings
  1679 | D:2      | Reached skill level 1 in Bows
  1679 | D:2      | Reached skill level 1 in Crossbows
  1679 | D:2      | Reached skill level 1 in Throwing
  1679 | D:2      | Reached skill level 1 in Armour
  1679 | D:2      | Reached skill level 1 in Shields
  1679 | D:2      | Reached skill level 1 in Unarmed Combat
  1679 | D:2      | Reached skill level 1 in Evocations
  1935 | D:2      | Reached XP level 4. HP: 29/32 MP: 8/11
  2239 | D:2      | Found a sparkling altar of Nemelex Xobeh.
  2452 | D:2      | Reached skill level 1 in Conjurations
  2452 | D:2      | Reached skill level 1 in Hexes
  2452 | D:2      | Reached skill level 1 in Summonings
  2452 | D:2      | Reached skill level 1 in Translocations
  2452 | D:2      | Reached skill level 1 in Transmutations
  2452 | D:2      | Reached skill level 1 in Fire Magic
  2452 | D:2      | Reached skill level 1 in Ice Magic
  2452 | D:2      | Reached skill level 1 in Air Magic
  2452 | D:2      | Reached skill level 1 in Earth Magic
  2452 | D:2      | Reached skill level 1 in Poison Magic
  2590 | D:2      | Found a glowing golden altar of the Shining One.
  2998 | D:2      | Learned a level 3 spell: Vampiric Draining
  3154 | D:3      | Reached XP level 5. HP: 33/37 MP: 7/12
  3288 | D:3      | Found a white marble altar of Elyvilon.
  3922 | D:4      | Found Vuarch's Assorted Antiques.
  3944 | D:4      | Bought a scroll labelled NETHYI APSU for 30 gold pieces
  3944 | D:4      | Bought an orange potion for 27 gold pieces
  3944 | D:4      | Bought a scroll labelled ONEATI OCURIU for 30 gold pieces
  4191 | D:4      | Found Awoofid's Distillery.
  4226 | D:4      | Found a runed translucent door.
  4366 | D:4      | Reached XP level 6. HP: 41/44 MP: 9/13
  4527 | D:4      | Identified the ring "Reophe" {Fire Str+3 Dex+4 Slay+2}
  4546 | D:4      | Found Jecy's Book Shop.
  4559 | D:4      | Reached skill level 5 in Dodging
  4715 | D:4      | Bought a potion of degeneration for 10 gold pieces
  4715 | D:4      | Bought a potion of curing for 30 gold pieces
  4728 | D:4      | Found a runed translucent door.
  4730 | D:4      | Noticed BlueFish's ghost (amateur FoAK)
  5077 | D:4      | HP: 2/44 [BlueFish's ghost (8)]
  5078 | D:4      | Slain by BlueFish's ghost

Illustrated notes

Levels and vault maps discovered:
D:1:      elethiomel_arrival_quiet, layout_basic, ebering_dispersal_statue_hall
D:2:      layout_loops_ring, nicolae_tso_carved_into_rock,
          nemelex_dance_club_becter
D:3:      layout_basic, elyvilon_altar_4, chequers_serial_rivers_micro_e
D:4:      layout_rooms, ebering_ghost_sewer_f, serial_shops,
          nicolae_shop_waterfront, nicolae_shop_behind_doors, shop

Skill      XL: |  1  2  3  4  5  6 |
---------------+-------------------+-----
Spellcasting   | 5 |  5.4
Invocations    | 1 2 |  2.2
Fighting       | 1 2 |  2.0
Short Blades   | 1 2 |  2.0
Long Blades    | 1 2 |  2.0
Axes           | 1 2 |  2.0
Maces & Flails | 1 2 |  2.0
Polearms       | 1 2 |  2.0
Staves         | 1 2 |  2.0
Slings         | 1 2 |  2.0
Bows           | 1 2 |  2.0
Crossbows      | 1 2 |  2.0
Throwing       | 1 2 |  2.0
Armour         | 1 2 |  2.0
Shields        | 1 2 |  2.0
Unarmed Combat | 1 2 |  2.0
Evocations     | 1 2 |  2.0
Conjurations   | 1 |  1.6
Hexes          | 1 |  1.6
Summonings     | 1 |  1.6
Translocations | 1 |  1.6
Transmutations | 1 |  1.6
Fire Magic     | 1 |  1.6
Ice Magic      | 1 |  1.6
Air Magic      | 1 |  1.6
Earth Magic    | 1 |  1.6
Poison Magic   | 1 |  1.6
Dodging        | 5 |  5.0
Stealth        | |  4.6
Necromancy     | |  7.3

Action                   |  1- 3 |  4- 6 || total
-------------------------+-------+-------++-------
Melee: Unarmed           |     8 |       ||     8
       Bite              |     2 |     1 ||     3
       War axe           |     2 |       ||     2
       Quarterstaff      |       |    23 ||    23
 Cast: Pain              |    56 |    82 ||   138
       Vampiric Draining |       |     4 ||     4
Evoke: Wand              |       |     2 ||     2
  Use: Scroll            |       |    10 ||    10
Armor: Robe              |     1 |    10 ||    11
Dodge: Dodged            |    12 |    38 ||    50

Table legend: (Time is in decaauts)
 A = Elapsed time spent in this place.
 B = Non-inter-level travel time spent in this place.
 C = Inter-level travel time spent in this place.
 D = Time resting spent in this place.
 E = Time spent auto-exploring this place.
 F = Levels seen in this place.
 G = Mean time per level.
                   A        B        C        D        E       F      G
               +--------+--------+--------+--------+--------+-----+--------+
         Total |   5084 |   5039 |     45 |    277 |   4246 |   4 | 1271.0 |
       Dungeon |   5084 |   5039 |     45 |    277 |   4246 |   4 | 1271.0 |
               +--------+--------+--------+--------+--------+-----+--------+

Top non-repeatable levels by time:
     D:2: 1653 daAuts
     D:1: 1368 daAuts
     D:4: 1288 daAuts
     D:3: 773 daAuts
